 Dungeon Crawl Stone Soup version 0.31-a0-303-gdc8c9485ea (webtiles) character file.

Game seed: 7995898383568147551

479 cforsyth the Changeling (level 7, -6/60 HPs)
             Began as a Meteoran Shapeshifter on July 16, 2023.
             Was an Initiate of Makhleb.
             Mangled by a mummy (15 damage)
             ... in an ossuary.
             The game lasted 00:06:46 (1370 turns).

cforsyth the Changeling (Meteoran Shapeshifter)     Turns: 1370, Time: 00:06:47

Health: -6/60      AC: 10    Str: 18    XL:     7   Next: 60%
Magic:  8/8        EV:  6    Int: 10    God:    Makhleb [......]
Gold:   98         SH:  0    Dex: 15    Spells: 6/6 levels left

rFire   . .          .
                       - Unarmed
rCold   . . .        (no shield)
rNeg    . . .        f - +0 plate armour
rPois   .            (helmet currently unavailable)
rElec   .            (cloak currently unavailable)
rCorr   +            (gloves currently unavailable)
SInv    .            (boots currently unavailable)
Will    .....        (no amulet) Stlth
                     d - ring of resist corrosion
HPRegen 0.30/turn    (no ring)
MPRegen 0.11/turn

%: no passive effects
@: beast-form, glowing
A: beast (slay +3), sense surroundings 1, otherworldly, glowing, explore regen
a: Begin Untransformation, Renounce Religion


You were in an ossuary.
You worshipped Makhleb.
Makhleb was noncommittal.
You were a hulking beast.
You visited 2 branches of the dungeon, and saw 6 of its levels.
You also visited: Ossuary.

You collected 98 gold pieces.

Inventory:

Armour
 a - a +0 animal skin
 f - a +0 plate armour (worn)
 g - a +0 cloak
 o - a +1 cloak
Jewellery
 d - a ring of resist corrosion (left hand)
 l - a ring of fire
Talismans
 c - a beast talisman
Scrolls
 e - a scroll of brand weapon {unknown}
 h - 2 scrolls of vulnerability {unknown}
 i - 3 scrolls of teleportation {unknown}
 k - 6 scrolls of identify {unknown}
 p - a scroll of torment {unknown}
 q - a scroll of noise {unknown}
 s - 2 scrolls of enchant weapon {unknown}
 t - a scroll of blinking {unknown}
Potions
 b - 2 potions of lignification
 j - a potion of berserk rage {unknown}
 m - 4 potions of degeneration {unknown}
 n - a potion of curing {unknown}
 r - a potion of heal wounds {unknown}
 u - 2 potions of cancellation {unknown}


   Skills:
 + Level 4.4 Fighting
 + Level 4.8 Dodging
 + Level 5.0 Unarmed Combat
 + Level 5.1 Shapeshifting


You had 6 spell levels left.
You didn't know any spells.
Your spell library contained the following spells:

 Spells                   Type           Power      Damage    Failure   Level
 Slow                     Hex            0%         N/A       100%        1
 Lesser Beckoning         Tloc           0%         N/A       100%        2
 Confusing Touch          Hex            0%         N/A       100%        3
 Gell's Gravitas          Tloc           0%         N/A       100%        3
 Teleport Other           Tloc           0%         N/A       100%        3
 Vampiric Draining        Necr           0%         2d6       100%        3


Dungeon Overview and Level Annotations

Branches:
Dungeon (5/15) Zot: 1725   Temple (1/1) D:4 Zot: 550 Ossuary (1/1) Zot: 570

Altars:
Fedhas
Kikubaaqudgha
Makhleb
Okawaru
Ru
Trog
Uskayaw
Vehumet
Xom
Yredelemnul
Zin
The Shining One


Innate Abilities, Weirdness & Mutations

You are a hulking beast.
Your limbs bulge with bestial killing power. (Slay +3)
You passively map a small area around you.
You are easily found by Zot.
You glow in the dark.
You regain HP and MP as you explore.


Message History

The hobgoblin zombie hits you.
You closely miss the human zombie.
The human zombie is moderately damaged.
The orc zombie hits you but does no damage.
The human zombie hits you.
You punch the human zombie!
The human zombie is moderately damaged.
The hobgoblin zombie hits you but does no damage.
The gnoll zombie hits you.
The hobgoblin zombie hits you but does no damage.
The mummy hits you but does no damage.
You hit the human zombie.
The human zombie is moderately damaged.
The human zombie hits you.
The orc zombie hits you but does no damage.
The hobgoblin zombie barely misses you. The gnoll zombie hits you.
The hobgoblin zombie hits you.
You are too injured to fight recklessly!
You are too injured to fight recklessly!
You are too injured to fight recklessly!
You are too injured to fight recklessly!
You punch the mummy!
The mummy is moderately damaged.
The human zombie completely misses you. The mummy hits you!
* * * LOW HITPOINT WARNING * * *
The hobgoblin zombie hits you but does no damage.
The orc zombie hits you but does no damage.
The gnoll zombie hits you.
* * * LOW HITPOINT WARNING * * *
You punch the mummy!
The mummy is severely damaged.
The hobgoblin zombie hits you but does no damage.
The human zombie hits you.
* * * LOW HITPOINT WARNING * * *
The hobgoblin zombie hits you but does no damage.
The orc zombie hits you but does no damage.
You closely miss the mummy.
The mummy is severely damaged.
The mummy hits you!
You die...

* ######* .#.#.#.
.......* #####
,....... ##...##
.......###.....##
............ZMZ.#
...........ZZh..#
,
............ZZ..#
,
.......###.....##
.......* ##...##
....... #####
.#.#.#. ######


You could see a mummy, a goblin zombie, 2 hobgoblin zombies, a gnoll zombie, an
orc zombie and a human zombie.

Vanquished Creatures
  A sky beast (D:4)
  A scorpion (D:4)
  A human zombie (Ossuary)
  An iguana (D:5)
  Natasha (twice) (D:4)
  2 orc wizards (D:3)
  Terence (D:3)
  A mummy (D:5)
  Robin (D:2)
  3 gnolls
  3 adders (D:2)
  A worm (D:4)
  A dart slug (D:4)
  3 orcs (D:3)
  7 endoplasms
  5 giant cockroaches
  15 goblins
  8 hobgoblins
  3 kobolds
  3 quokkas
  A ball python (D:3)
  4 bats
  4 frilled lizards
  An orc zombie (D:5)
  A rat (D:3)
74 creatures vanquished.

Notes
Turn   | Place    | Note
-------+----------+-------------------------------------------
     0 | D:1      | cforsyth the Meteoran Shapeshifter began the quest for the
                  | Orb.
     0 | D:1      | Reached XP level 1. HP: 17/17 MP: 2/2
   131 | D:2      | Reached XP level 2. HP: 21/25 MP: 3/3
   211 | D:1      | Reached XP level 3. HP: 28/30 MP: 4/4
   410 | D:2      | Noticed Robin
   423 | D:3      | Reached XP level 4. HP: 37/37 MP: 5/5
   507 | D:2      | Killed Robin
   605 | D:2      | Reached XP level 5. HP: 45/45 MP: 6/6
   678 | D:3      | Noticed Terence
   686 | D:3      | Killed Terence
   799 | D:4      | Found a basalt altar of Yredelemnul.
   818 | D:4      | Noticed Natasha
   834 | D:4      | Killed Natasha
   835 | D:4      | Reached XP level 6. HP: 35/51 MP: 7/7
  1006 | D:4      | Noticed a sky beast
  1034 | D:4      | Killed a sky beast
  1035 | D:4      | Reached XP level 7. HP: 46/59 MP: 8/8
  1184 | D:4      | Found a staircase to the Ecumenical Temple.
  1188 | D:4      | Noticed Natasha
  1197 | D:4      | Killed Natasha
  1222 | Temple   | Entered the Ecumenical Temple
  1247 | Temple   | Became a worshipper of Makhleb the Destroyer
  1281 | D:5      | Entered Level 5 of the Dungeon
  1302 | D:5      | Reached skill level 5 in Shapeshifting
  1330 | D:5      | Found a sand-covered staircase.
  1339 | Ossuary  | Entered an ossuary
  1361 | Ossuary  | Reached skill level 5 in Unarmed Combat
  1370 | Ossuary  | Mangled by a mummy

Illustrated notes

Levels and vault maps discovered:
D:1:      amcnicky_arrival_gap_in_the_tavern_cellar, layout_basic
D:2:      layout_rooms, hellmonk_ecumenical_altar_inner_sanctum,
          grunt_decor_fettered, kennysheep_generic_room_12, uniq_robin,
          uniq_jessica
D:3:      layout_basic, uniq_terence
D:4:      layout_basic, mainiacjoe_overflow_boulevard, minmay_temple_entry_tees,
          serial_shops, shop_statue, abandoned_shop, uniq_natasha
D:5:      layout_basic, nicolae_ossuary_entry_giza
Temple:   compressed_dpeg_circular_temple
Ossuary:  minmay_ossuary_gauntlet

Skill      XL: |  1  2  3  4  5  6  7 |
---------------+----------------------+-----
Unarmed Combat | 3 4 5 |  5.0
Dodging        | 3 4 |  4.8
Shapeshifting  | 4 5 |  5.1
Fighting       | 3 4 |  4.4

Action                     |  1- 3 |  4- 6 |  7- 9 || total
---------------------------+-------+-------+-------++-------
  Melee: Unarmed           |    51 |   154 |    56 ||   261
         Punch             |     1 |     3 |     2 ||     6
    Use: Potion            |       |     1 |       ||     1
 Armour: Plate armour      |    41 |   156 |    49 ||   246
         Skin              |       |    21 |       ||    21
  Dodge: Dodged            |    13 |    38 |    20 ||    71

Table legend: (Time is in decaauts)
 A = Elapsed time spent in this place.
 B = Non-inter-level travel time spent in this place.
 C = Inter-level travel time spent in this place.
 D = Time resting spent in this place.
 E = Time spent auto-exploring this place.
 F = Levels seen in this place.
 G = Mean time per level.
                   A        B        C        D        E       F      G
               +--------+--------+--------+--------+--------+-----+--------+
         Total |   1353 |   1328 |     25 |      6 |      0 |   7 |  193.3 |
       Dungeon |   1274 |   1273 |      1 |      6 |      0 |   5 |  254.8 |
        Temple |     49 |     25 |     24 |      0 |      0 |   1 |   49.0 |
       Ossuary |     29 |     29 |      0 |      0 |      0 |   1 |   29.0 |
               +--------+--------+--------+--------+--------+-----+--------+

Top non-repeatable levels by time:
     D:3: 350 daAuts
     D:1: 348 daAuts
     D:4: 270 daAuts
     D:2: 248 daAuts
     D:5: 56 daAuts
  Temple: 49 daAuts
 Ossuary: 29 daAuts
